 Dungeon Crawl Stone Soup version 0.31-a0-844-gdc52ec4e09 (webtiles) character file.

Game seed: 3274082203101454930

2071 Kurtz the Cleaver (level 9, -5/60 HPs)
             Began as an Octopode Fighter on Sept 30, 2023.
             Was an Initiate of Gozag.
             Slain by a hornet (17 damage)
             ... while paralysed by a hornet
             ... on level 7 of the Dungeon.
             The game lasted 00:06:18 (5985 turns).

Kurtz the Cleaver (Octopode Fighter)                Turns: 5985, Time: 00:06:18

Health: -5/60      AC:  1    Str: 17    XL:     9   Next: 26%
Magic:  9/9        EV:  2    Int: 10    God:    Gozag
Gold:   629        SH:  0    Dex: 14    Spells: 8/8 levels left

rFire   . . .        a - +0 war axe
rCold   . . .        b - +0 buckler
rNeg    . . .        (helmet restricted)
rPois   .            r - amulet of magic regeneration
rElec   .            w - ring of see invisible
rCorr   +            D - ring of resist corrosion
SInv    +            (no ring)
Will    .....        (no ring)
Stlth   ++           (no ring)
HPRegen 0.30/turn    (no ring)
MPRegen 0.51/turn    (no ring)
                     (no ring)

%: no passive effects
@: paralysed, slowed
A: almost no armour, amphibious, 8 rings, camouflage 1, gelatinous body 1,
(nimble swimmer 1), tentacles
a: Renounce Religion, Potion Petition, Call Merchant, Bribe Branch


You were on level 7 of the Dungeon.
You worshipped Gozag.
Gozag was pleased with you.
You visited 2 branches of the dungeon, and saw 8 of its levels.

You collected 717 gold pieces.
You spent 26 gold pieces at shops.
You paid 62 gold pieces to Gozag.

Inventory:

Hand Weapons
 a - a +0 war axe (weapon)
Missiles
 o - 4 poisoned darts
 F - a curare-tipped dart
Armour
 b - a +0 buckler (worn)
Jewellery
 r - an amulet of magic regeneration (around mantle)
 w - a ring of see invisible (left tentacle)
 B - a ring of fire
 D - a ring of resist corrosion (right tentacle)
Wands
 s - a wand of roots (10) (quivered)
 u - a wand of polymorph (20)
Scrolls
 d - a scroll of summoning
 e - 3 scrolls of noise
 h - a scroll of blinking
 k - 4 scrolls of teleportation {unknown}
 m - a scroll of vulnerability {unknown}
 n - a scroll of poison {unknown}
 p - a scroll of silence {unknown}
 t - a scroll of enchant armour {unknown}
 y - 2 scrolls of revelation {unknown}
Potions
 c - a potion of might
 f - a potion of heal wounds
 i - 2 potions of ambrosia
 j - 2 potions of haste
 l - 2 potions of curing {unknown}
 q - 2 potions of brilliance
 v - a potion of resistance {unknown}
 x - a potion of enlightenment {unknown}
 z - a potion of degeneration {unknown}
 A - a potion of berserk rage {unknown}
 C - 2 potions of lignification {unknown}
 E - a potion of attraction {unknown}
 G - a potion of cancellation {unknown}


   Skills:
 * Level 4.9 Fighting
 * Level 10.8 Axes
 * Level 4.7 Dodging
 - Level 3.0 Shields


You had 8 spell levels left.
You didn't know any spells.
Your spell library contained the following spells:

 Spells                   Type           Power      Damage    Failure   Level
 Sandblast                Erth           0%         2d4       43%         1
 Shock                    Conj/Air       0%         1d3       43%         1
 Passwall                 Tmut/Erth      0%         N/A       58%         2
 Poisonous Vapours        Pois/Air       0%         N/A       58%         2
 Static Discharge         Conj/Air       0%         2-2/arc   58%         2
 Hailstorm                Conj/Ice       0%         3d3       82%         3
 Mephitic Cloud           Conj/Pois/Air  0%         N/A       82%         3
 Stone Arrow              Conj/Erth      0%         3d7       82%         3
 Swiftness                Air            0%         N/A       82%         3
 Airstrike                Air            0%         2d(0-16)  99%         4
 Brom's Barrelling Bould  Conj/Erth      0%         2d3       99%         4
 Summon Ice Beast         Ice/Summ       0%         N/A       99%         4
 Summon Lightning Spire   Summ/Air       0%         N/A       99%         4
 Freezing Cloud           Conj/Ice/Air   0%         6-21      100%        5
 Simulacrum               Ice/Necr       Unusable   N/A       N/A         6

Dungeon Overview and Level Annotations

Branches:
Dungeon (7/15)             Temple (1/1) D:4

Altars:
Ashenzari
Dithmenos
Elyvilon
Fedhas
Gozag
Hepliaklqana
Kikubaaqudgha
Makhleb
Nemelex Xobeh
Qazlal
Ru
Sif Muna
Trog
Uskayaw
Vehumet
Wu Jian
Xom
Yredelemnul
Zin

Shops:
D:2 *

Annotations:
D:4 exclusion: downstairs


Innate Abilities, Weirdness & Mutations

You cannot wear most types of armour.
You are amphibious.
You can wear up to eight rings at the same time.
Your skin changes colour to match your surroundings (Stealth+).
Your rubbery body absorbs attacks. (AC +1, EV +1)
((You are camouflaged when in or above water. (Stealth+)))
You have tentacles for arms and can constrict up to eight enemies at once.


Message History

Roots grab the sky beast.
The grasping roots constrict the sky beast.
You hear a shout! x2
The sky beast struggles to escape constriction.
Found 5 stones.
The grasping roots constrict the sky beast.
The roots release their grip on the sky beast.
The sky beast hits you. The sky beast shocks you.
You slash the sky beast! You squeeze the sky beast.
You kill the sky beast!
You now have 629 gold pieces (gained 14).
A sky beast comes into view.
An ufetubus comes into view.
A gnoll comes into view. It is wielding a +0 club.
A wight comes into view. It is wielding a +0 dire flail.
A hornet comes into view.
The ufetubus is distracted by your dazzling golden aura.
A wight comes into view. It is wielding a +0 falchion.
The wight hits you with a +0 dire flail!
The wight moves out of view.
The wight closely misses you. The wight barely misses you.
The wight misses you.
A wight comes into view. It is wielding a +0 great sword.
A wight comes into view. It is wielding a +0 war axe.
The hornet stings you.
You feel yourself slow down.
The wight moves out of view.
There is a stone staircase leading up here.
Okay, then.
Unknown command.
The hornet closely misses you. The wight closely misses you.
The hornet stings you.
You suddenly lose the ability to move!
You stop ascending the stairs.
The wight hits you with a +0 dire flail!
The hornet stings you!
* * * LOW HITPOINT WARNING * * *
You feel as though you will be slow longer.
The hornet stings you!
You die...
Your body crumbles into a pile of gold.

............##...#
.................
.............#..
.............#
.............##
g.............##
.............Y.# ###
............yz##..z..
.............@..#
..(.....[....#......
............##.....
...#.....### #.(z.
..##....## .... #....
.## .#... # #..


You could see a hornet, a sky beast and 3 wights.

Vanquished Creatures
  Grinder (D:4)
  Sigmund (D:3)
  A sky beast (D:7)
  A black bear (D:5)
  2 ogres (D:5)
  3 centaurs (D:6)
  A phantom (D:5)
  2 kobold brigands (D:6)
  3 scorpions
  5 wights
  A jelly (D:4)
  3 hounds
  An orc priest (D:6)
  A sleepcap (D:6)
  Ijyb (D:3)
  An orc wizard (D:4)
  Robin (D:3)
  12 adders
  2 ufetubi (D:4)
  3 worms
  17 orcs
  4 endoplasms
  4 giant cockroaches
  9 goblins
  10 hobgoblins
  14 kobolds
  4 quokkas
  4 ball pythons
  3 bats
  8 frilled lizards
  7 rats
130 creatures vanquished.

Notes
Turn   | Place    | Note
-------+----------+-------------------------------------------
     0 | D:1      | Kurtz the Octopode Fighter began the quest for the Orb.
     0 | D:1      | Reached XP level 1. HP: 16/16 MP: 1/1
   207 | D:1      | Reached XP level 2. HP: 21/21 MP: 2/2
   349 | D:1      | Reached skill level 3 in Axes
   631 | D:1      | Reached XP level 3. HP: 26/26 MP: 3/3
  1221 | D:2      | Reached skill level 4 in Axes
  1420 | D:2      | Reached XP level 4. HP: 28/31 MP: 4/4
  1646 | D:2      | Found Avve Ytt's General Store.
  1660 | D:2      | Bought a scroll of identify for 26 gold pieces
  1850 | D:3      | Found a stormy altar of Qazlal.
  2013 | D:3      | Reached skill level 5 in Axes
  2100 | D:3      | Noticed Sigmund
  2103 | D:3      | Reached XP level 5. HP: 36/36 MP: 5/5
  2110 | D:3      | Killed Sigmund
  2111 | D:3      | Reached skill level 6 in Axes
  2111 | D:3      | Reached XP level 6. HP: 42/42 MP: 6/6
  2329 | D:3      | Noticed Robin
  2330 | D:3      | Noticed Ijyb
  2420 | D:4      | Noticed Grinder
  2422 | D:4      | Paralysed by Grinder for 4 turns
  2431 | D:4      | Killed Grinder
  2432 | D:4      | Reached skill level 7 in Axes
  2432 | D:4      | Reached XP level 7. HP: 17/46 MP: 7/7
  2657 | D:4      | Found a staircase to the Ecumenical Temple.
  2676 | Temple   | Entered the Ecumenical Temple
  2718 | Temple   | Became a worshipper of Gozag Ym Sagoz the Greedy
  2811 | D:4      | Reached skill level 8 in Axes
  2917 | D:3      | Killed Robin
  3128 | D:3      | Killed Ijyb
  3424 | D:4      | Found a blossoming altar of Fedhas.
  3775 | D:5      | Entered Level 5 of the Dungeon
  3926 | D:4      | Reached XP level 8. HP: 38/52 MP: 8/8
  4089 | D:5      | Reached skill level 9 in Axes
  4373 | D:5      | Reached skill level 10 in Axes
  5166 | D:6      | Reached XP level 9. HP: 27/59 MP: 9/9
  5378 | D:6      | Found a broken altar of Ashenzari.
  5551 | D:6      | Found an ornate altar of the Wu Jian Council.
  5976 | D:7      | Noticed a hornet
  5984 | D:7      | Paralysed by a hornet for 3 turns
  5985 | D:7      | Slain by a hornet

Illustrated notes

Levels and vault maps discovered:
D:1:      dpeg_arrival_arbitrary_b, layout_basic, chequers_serial_rivers_room_b,
          nicolae_concentric_dashed_squares_wild, minmay_quantized
D:2:      layout_basic, serial_shops, nicolae_shop_tiny_glass
D:3:      layout_loops_ring, grunt_qazlal_clouds, nicolae_goblin_pals,
          uniq_ijyb, uniq_sigmund
D:4:      layout_rooms, lemuel_round_altar, minmay_temple_entry_large_hall,
          uniq_grinder
D:5:      layout_loops_cross
D:6:      layout_loops_cross, mainiacjoe_overflow_tiny_flanked,
          lemuel_round_altar, chequers_serial_rivers_micro_c
D:7:      layout_cave_pools, mainiacjoe_overflow_chevrons, enter_bailey_4
Temple:   bh_familiar_temple

Skill      XL: |  1  2  3  4  5  6  7  8 |
---------------+-------------------------+-----
Axes           | 3 4 5 6 7 8 10 | 10.8
Fighting       | 4 |  4.9
Dodging        | 4 |  4.7
Shields        | |  3.0

Action                     |  1- 3 |  4- 6 |  7- 9 || total
---------------------------+-------+-------+-------++-------
  Melee: War axe           |    67 |    44 |   135 ||   246
         Tentacles         |    10 |    15 |    30 ||    55
         Constrict         |    16 |    12 |    27 ||    55
         Unarmed           |       |       |    10 ||    10
  Throw: Dart              |       |       |     8 ||     8
  Evoke: Wand              |       |       |     4 ||     4
    Use: Scroll            |       |     3 |     4 ||     7
         Potion            |       |       |     2 ||     2
   Stab: Sleeping          |    12 |     4 |     3 ||    19
 Armour: Skin              |    19 |    15 |    88 ||   122
  Dodge: Dodged            |    30 |    29 |    94 ||   153
  Block: Buckler           |     9 |     8 |    37 ||    54

Table legend: (Time is in decaauts)
 A = Elapsed time spent in this place.
 B = Non-inter-level travel time spent in this place.
 C = Inter-level travel time spent in this place.
 D = Time resting spent in this place.
 E = Time spent auto-exploring this place.
 F = Levels seen in this place.
 G = Mean time per level.
                   A        B        C        D        E       F      G
               +--------+--------+--------+--------+--------+-----+--------+
         Total |   6039 |   5492 |    547 |    951 |   3568 |   8 |  754.9 |
       Dungeon |   5967 |   5481 |    486 |    951 |   3568 |   7 |  852.4 |
        Temple |     71 |     10 |     61 |      0 |      0 |   1 |   71.0 |
               +--------+--------+--------+--------+--------+-----+--------+

Top non-repeatable levels by time:
     D:2: 1159 daAuts
     D:4: 1137 daAuts
     D:6: 1006 daAuts
     D:3: 910 daAuts
     D:5: 900 daAuts
     D:1: 830 daAuts
  Temple: 71 daAuts
     D:7: 22 daAuts
